 Dungeon Crawl Stone Soup version 0.26-a0-611-g354ed81502 (webtiles) character file.

Game seed: 16241832388665666243

112 Descartes the Covert (level 4, -4/21 HPs)
             Began as a Felid Delver on Sept 5, 2020.
             Killed from afar by a white imp (10 damage)
             ... with a puff of frost
             ... on level 5 of the Dungeon.
             The game lasted 00:01:04 (363 turns).

Descartes the Covert (Felid Delver)                  Turns: 363, Time: 00:01:05

Health: -4/21      AC:  1    Str:  9    XL:     4   Next: 63%
Magic:  5/5        EV: 21    Int: 11    God:
Gold:   39         SH:  0    Dex: 18    Spells: 3/3 levels left
                                        Lives:  0   Deaths: 1

rFire    . . .     SeeInvis +     - Unarmed
rCold    . . .     Faith    .   (shield unavailable)
rNeg     . . .     Spirit   .   (armour unavailable)
rPois    .         Reflect  .   (helmet unavailable)
rElec    .         Harm     .   (cloak unavailable)
rCorr    .                      (gloves unavailable)
MR       .....                  (boots unavailable)
Stlth    +++++.....             (no amulet)
HPRegen  0.07/turn              (no ring)
MPRegen  0.09/turn              (no ring)

@: quick
A: very small, no armour, no weapons or thrown items, stealth, claws 1, fangs 3,
see invisible, speed 1, shaggy fur 1, sharp paws
a: no special abilities


You were on level 5 of the Dungeon.
You visited 1 branch of the dungeon, and saw 1 of its levels.

You collected 39 gold pieces.

Inventory:

Wands
 e - a wand of digging (3)
Scrolls
 a - a scroll of fog
 b - a scroll of magic mapping
 c - a scroll of fear
 f - a scroll of remove curse {unknown}
Potions
 d - a potion of haste


   Skills:
 - Level 3.0 Fighting
 + Level 5.6 Dodging
 - Level 9.0 Stealth
 - Level 2.0 Unarmed Combat


You had 3 spell levels left.
You didn't know any spells.
Your spell library was empty.

Dungeon Overview and Level Annotations

Branches:
Dungeon (5/15)
 Temple: D:4-7

Altars:
Hepliaklqana


Innate Abilities, Weirdness & Mutations

You cannot wear armour.
You are incapable of wielding weapons or throwing items.
Your paws allow you to move quietly. (Stealth)
You have sharp claws.
You have razor-sharp teeth.
You have supernaturally acute eyesight. (SInv)
You cover ground quickly.
You are covered in fur. (AC +1)
Your sharp claws are effective at attacking unaware monsters.


Message History

You open the door.
There is an open door here.
You open the door.
Found a stone staircase leading up.
A white imp comes into view.
Found 9 gold pieces.
There is an open door here.
The white imp shouts, "Crawl home, thou worthless unchin-snouted slabber!"
The white imp gestures at you. The puff of frost hits you!
The white imp picks up a beetle and eats it.
The white imp gestures at you. The puff of frost hits you!
* * * LOW HITPOINT WARNING * * *
You scratch the white imp but do no damage.
The white imp barely misses you.
You scratch the white imp but do no damage.
The white imp gestures at you. The puff of frost hits you!
You die...

# ...........# #
...........# ...........#
.........<.# ..$........#
..... ...........+......
#............#.....
######.......5@...#...#
#......##+#####'###...###
#......#.........#......#
#......#.........#......#
+......#.........'......+
#......#.........#......#
##......#..#########....##
#......#######...###....###
#......#..................#


You could see a white imp.

Vanquished Creatures
  Sigmund (D:5)
  Blork the orc (D:5)
  A leopard gecko (D:5)
  An orc (D:5)
4 creatures vanquished.

Notes
Turn   | Place    | Note
-------+----------+-------------------------------------------
     0 | D:5      | Descartes the Felid Delver began the quest for the Orb.
     0 | D:5      | Reached XP level 1. HP: 10/10 MP: 2/2
    28 | D:5      | Found a hazy altar of Hepliaklqana.
    43 | D:5      | Noticed Sigmund
    77 | D:5      | Killed Sigmund
    77 | D:5      | Reached skill level 9 in Stealth
    77 | D:5      | Reached XP level 2. HP: 5/14 MP: 3/3
    77 | D:5      | Reached XP level 3. HP: 6/17 MP: 4/4
    77 | D:5      | Reached XP level 4. HP: 8/21 MP: 5/5
    77 | D:5      | Reached XP level 5. HP: 9/24 MP: 6/6
   291 | D:5      | Noticed Blork the orc
   296 | D:5      | Killed Blork the orc
   296 | D:5      | Reached skill level 5 in Dodging
   325 | D:5      | Slain by a killer bee zombie
   326 | D:5      | Reached XP level 4. HP: 0/21 MP: 5/5
   363 | D:5      | Killed from afar by a white imp

Illustrated notes

Levels and vault maps discovered:
D:5:      layout_gridville, nicolae_overflow_crystal_walls, uniq_blork_the_orc,
          uniq_sigmund

Skill      XL: |  1  2  3  4  5 |
---------------+----------------+-----
Stealth        | 9 |  9.0
Dodging        | 4 5 |  5.6
Fighting       | |  3.0
Unarmed Combat | |  2.0

Action                   |  1- 3 |  4- 6 || total
-------------------------+-------+-------++-------
Melee: Unarmed           |    30 |    18 ||    48
       Punch             |     1 |       ||     1
 Stab: Sleeping          |       |     2 ||     2
Dodge: Dodged            |    14 |    19 ||    33

Table legend: (Time is in decaauts)
 A = Elapsed time spent in this place.
 B = Non-inter-level travel time spent in this place.
 C = Inter-level travel time spent in this place.
 D = Time resting spent in this place.
 E = Time spent auto-exploring this place.
 F = Levels seen in this place.
 G = Mean time per level.
                   A        B        C        D        E       F      G
               +--------+--------+--------+--------+--------+-----+--------+
         Total |    337 |    337 |      0 |      0 |    266 |   1 |  337.0 |
       Dungeon |    337 |    337 |      0 |      0 |    266 |   1 |  337.0 |
               +--------+--------+--------+--------+--------+-----+--------+

Top non-repeatable levels by time:
     D:5: 337 daAuts
